 Dungeon Crawl Stone Soup version 0.19.0-1-g5985abe (webtiles) character file.

23 tyranidshit the Skirmisher (level 2, 0/25 HPs)
             Began as a Demonspawn Abyssal Knight on Nov 2, 2016.
             Was a Follower of Lugonu.
             Succumbed to an adder's poison
             ... on level 1 of the Dungeon.
             The game lasted 00:02:54 (408 turns).

tyranidshit the Skirmisher (DsAK)                    Turns: 408, Time: 00:02:54

Health: 0/25       AC: 10    Str: 12    XL:     2   Next: 75%
Magic:  3/3        EV:  3    Int: 13    God:    Lugonu [*.....]
Gold:   34         SH:  0    Dex: 12    Spells: 0 memorised, 1 level left

rFire  + . .     SeeInvis .     a - +1 hand axe
rCold  + . .     Gourm    .     d - +0 plate armour
rNeg   . . .     Faith    .     (no shield)
rPois  +         Spirit   .     (no helmet)
rElec  +         Reflect  .     (no cloak)
rCorr  +         Harm     .     (no gloves)
MR     .....                    (no boots)
Stlth  ..........               e - amulet of magic regeneration
                                (no ring)
                                h - ring of resist corrosion

@: lethally poisoned (0 -> -6), resistant
A: demonic guardian 1
a: Depart the Abyss, Renounce Religion


You were on level 1 of the Dungeon.
You worshipped Lugonu.
Lugonu was aware of your devotion.
You were not hungry.

You visited 1 branch of the dungeon, and saw 1 of its levels.
You visited the Abyss 1 time.

You collected 34 gold pieces.

Inventory:

Hand Weapons
 a - a +1 hand axe (weapon)
Armour
 b - a +0 leather armour
 d - a +0 plate armour (worn)
Jewellery
 e - an amulet of magic regeneration (around neck)
 h - a ring of resist corrosion (left hand)
Scrolls
 j - a scroll of blinking {unknown}
Potions
 l - a potion of degeneration {unknown}
Comestibles
 c - a bread ration
 f - a beef jerky
 g - a meat ration
 i - a slice of pizza


   Skills:
 + Level 4.0 Fighting
 - Level 1.7 Axes
 - Level 1.7 Armour
 - Level 0.8 Dodging
 - Level 2.4 Invocations


You had one spell level left.
You didn't know any spells.

Dungeon Overview and Level Annotations

Branches:
Dungeon (1/15)

Altars:


Innate Abilities, Weirdness & Mutations

A weak demonic guardian rushes to your aid.


Message History

The adder is almost dead.
* * * LOW HITPOINT WARNING * * *
You feel sick. The adder bites you but does no damage.
Your plate armour prevents you from hitting the adder.
The adder is almost dead.
* * * LOW HITPOINT WARNING * * *
You feel sick. The adder bites you.
* * * LOW HITPOINT WARNING * * *
The adder bites you but does no damage.
Unknown command.
You hit the adder.
You kill the adder!
Lugonu accepts your kill.
Your Fighting skill increases to level 4!
* * * LOW HITPOINT WARNING * * *
You feel sick.
You see here an adder corpse.
It was a potion of resistance.
You feel protected.
You die...

.#,*##..* *,# *,* *,**,,,,
.#**#..#* #.#***,* *,**,,,, .#
#..# ##.#*,,,* *,**,,,, .####..#
###.(.,,********,,*,***
...##..## #....#*** *,,,,*,*,* *
##......###.##.# *,,,,*,,,* *
#...##...#.##.#######...,***,***
#.#.####...##.#.........,* *,,,*
##.#.....##.##..@#####...,*
*,,,* ...#####........## *,,,,*
*,,,* ##########.....#### *,,,,*
*,,,* ##.............#####****
*,,,*
##...###>##..##.....#######..,*
#..8.....##..######........#***
#...⌠.#####..# ########...,,
#..8..# #..# ****** ##...## #..#


There were no monsters in sight!

Vanquished Creatures
  An adder (D:1)
  A dart slug (D:1)
  2 bats (D:1)
  A hobgoblin (D:1)
  4 jackals (D:1)
  A kobold (D:1)
10 creatures vanquished.

Vanquished Creatures (others)
  A lurking horror (Abyss:4)
1 creature vanquished.

Grand Total: 11 creatures vanquished

Notes
Turn   | Place    | Note
-------+----------+-------------------------------------------
     0 | Abyss:1  | tyranidshit the Demonspawn Abyssal Knight began the quest for the Orb.
     0 | Abyss:1  | Reached XP level 1. HP: 18/18 MP: 2/2
    53 | Abyss:2  | Noticed a chaos spawn
    65 | Abyss:2  | Noticed a thrashing horror
    65 | Abyss:3  | Found a corrupted altar of Lugonu.
   131 | Abyss:4  | Found a corrupted altar of Lugonu.
   161 | Abyss:5  | Entered Level 5 of the Abyss
   188 | Abyss:5  | Noticed a wretched star
   191 | D:1      | Escaped the Abyss
   228 | D:1      | Reached * piety under Lugonu
   236 | D:1      | Gained mutation: A weak demonic guardian rushes to your aid. [demonic ancestry]
   236 | D:1      | Reached XP level 2. HP: 4/24 MP: 3/3
   406 | D:1      | Reached skill level 4 in Fighting
   406 | D:1      | HP: 1/25 [poisoned by an adder]
   408 | D:1      | Succumbed to an adder's poison

Skill      XL: |  1  2 |
---------------+-------+-----
Fighting       | 4 |  4.0
Axes           | |  1.7
Armour         | |  1.7
Dodging        | |  0.8
Invocations    | |  2.4

Action                   || total
-------------------------++-------
Melee: Hand axe          ||    33
Invok: Depart the Abyss  ||     1
  Use: Scroll            ||     4
       Potion            ||     1
Armor: Plate armour      ||    44
Dodge: Dodged            ||    11
